 Dungeon Crawl Stone Soup version 0.23.2-40-g277498a001 (webtiles) character file.

Game seed: 14237476947175885777

86 FishyPogo the Skirmisher (level 4, 0/40 HPs)
             Began as a Demonspawn Monk on Aug 15, 2019.
             Was a Believer of Makhleb.
             Slain by a hound (3 damage)
             ... on level 2 of the Dungeon.
             The game lasted 00:05:21 (1360 turns).

FishyPogo the Skirmisher (Demonspawn Monk)          Turns: 1360, Time: 00:05:22

Health: 0/40       AC:  2    Str: 12    XL:     4   Next: 26%
Magic:  4/4        EV: 13    Int: 11    God:    Makhleb [**....]
Gold:   7          SH:  0    Dex: 16    Spells: 3/3 levels left

rFire    . . .     SeeInvis .   a - +0 hand axe
rCold    . . .     Gourm    .   (no shield)
rNeg     . . .     Faith    .   b - +0 robe
rPois    .         Spirit   .   (helmet restricted)
rElec    .         Reflect  .   (no cloak)
rCorr    .         Harm     .   (no gloves)
MR       .....                  (no boots)
Stlth    ++........             (no amulet)
HPRegen  0.13/turn              (no ring)
MPRegen  0.09/turn              (no ring)

@: no status effects
A: antennae 1, hooves 1, powered by pain 1, robust 1
a: Minor Destruction, Renounce Religion


You were on level 2 of the Dungeon.
You worshipped Makhleb.
Makhleb was pleased with you.
You were not hungry.

You visited 1 branch of the dungeon, and saw 2 of its levels.

You collected 7 gold pieces.

Inventory:

Hand Weapons
 a - a +0 hand axe (weapon)
Missiles
 e - 4 tomahawks
 m - 57 stones (quivered)
Armour
 b - a +0 robe (worn)
Scrolls
 d - 3 scrolls of identify {unknown}
 f - a scroll of fear {unknown}
 i - a scroll of noise {unknown}
 n - a scroll of blinking {unknown}
Potions
 g - a potion of brilliance {unknown}
 l - 2 potions of curing
Comestibles
 c - 4 rations
 h - 10 chunks of flesh


   Skills:
 * Level 3.6 Fighting
 + Level 3.2 Axes
 + Level 0.8 Throwing
 * Level 1.3 Armour
 - Level 3.0 Dodging
 - Level 2.0 Stealth
 * Level 0.7 Invocations


You had 3 spell levels left.
You didn't know any spells.
Your spell library was empty.

Dungeon Overview and Level Annotations

Branches:
Dungeon (2/15)

Altars:
Makhleb


Innate Abilities, Weirdness & Mutations

You have a pair of small antennae on your head.
You sometimes gain a little power by taking damage.
You have large cloven feet.
You are robust. (+10% HP)


Message History

You hit the hound.
The hound is severely wounded.
The hound barely misses you. The hound bites you.
* * * LOW HITPOINT WARNING * * *
It was a potion of magic.
Magic courses through your body. The hound barely misses you.
You barely miss the hound.
The hound is severely wounded.
The hound closely misses you. x2
It was a potion of mutation.
You feel extremely strange.
Your feet thicken and deform.
You feel robust. The hound bites you.
* * * LOW HITPOINT WARNING * * *
The hound bites you but does no damage.
It was a potion of curing.
You feel better. The hound bites you.
* * * LOW HITPOINT WARNING * * *
You hit the hound. You kick the hound, but do no damage.
The hound is severely wounded.
The hound misses you. The hound bites you.
You die...

..# #.# .. ..# #.#
.# ..# #.# .# #
..#
##.######.##<#.
..#
#..............
..#
#.............#
..#
#.#####.......#
#.## #.#
#.hr>...... #.)##
#.# #@#l.......
#...#
#.###.#.....#.#
#.#.###
#รท##...#......#
..#)..#
#........###...
###...# #..#...#.#
... ..#.#.###
#..##.##.# ##
#...#...####..##.#
..
..#####.......##.#
#
#...#...####..##.#


You could see a hound and a quokka.

Vanquished Creatures
  A hound (D:2)
  An adder (D:2)
  A worm (D:2)
  A leopard gecko (D:1)
  2 goblins
  9 hobgoblins
  4 kobolds
  3 quokkas (D:2)
  2 ball pythons (D:2)
  12 bats
  3 frilled lizards
  4 rats (D:1)
43 creatures vanquished.

Notes
Turn   | Place    | Note
-------+----------+-------------------------------------------
     0 | D:1      | FishyPogo the Demonspawn Monk began the quest for the Orb.
     0 | D:1      | Reached XP level 1. HP: 18/18 MP: 1/1
   389 | D:1      | Gained mutation: You sometimes gain a little power by
                  | taking damage. [demonic ancestry]
   389 | D:1      | Reached XP level 2. HP: 23/24 MP: 2/2
  1009 | D:2      | Found a burning altar of Makhleb.
  1018 | D:2      | Reached skill level 1 in Armour
  1018 | D:2      | Reached XP level 3. HP: 12/29 MP: 3/3
  1026 | D:2      | Became a worshipper of Makhleb the Destroyer
  1026 | D:2      | Reached * piety under Makhleb
  1026 | D:2      | Reached ** piety under Makhleb
  1234 | D:2      | Gained mutation: You have a pair of small antennae on your
                  | head. [demonic ancestry]
  1234 | D:2      | Reached XP level 4. HP: 25/36 MP: 4/4
  1358 | D:2      | Gained mutation: You have large cloven feet. [potion of
                  | mutation]
  1358 | D:2      | Gained mutation: You are robust. (+10% HP) [potion of
                  | mutation]
  1358 | D:2      | HP: 1/40 [hound (4)]
  1360 | D:2      | Slain by a hound

Skill      XL: |  1  2 |
---------------+-------+-----
Stealth        | 2 |  2.0
Dodging        | 3 |  3.0
Axes           | 3 |  3.2
Armour         | 1 |  1.3
Fighting       | |  3.6
Throwing       | |  0.8
Invocations    | |  0.7

Action                   |  1- 3 |  4- 6 || total
-------------------------+-------+-------++-------
Melee: Hand axe          |   138 |    26 ||   164
       Kick              |       |     1 ||     1
Throw: Stone             |       |     5 ||     5
  Use: Potion            |     1 |     3 ||     4
 Stab: Sleeping          |     5 |       ||     5
  Eat: Chunk             |     1 |     1 ||     2
Armor: Robe              |    39 |    13 ||    52
Dodge: Dodged            |   112 |    31 ||   143
